 Dungeon Crawl Stone Soup version 0.26-a0-682-g294304f6e8 (webtiles) character file.

Game seed: 14239829921414430476

922 Gargoyl the Skirmisher (level 8, -1/67 HPs)
             Began as a Gnoll Abyssal Knight on Oct 21, 2020.
             Was a Priest of Lugonu.
             Slain by a two-headed ogre
             ... wielding a +0 giant spiked club
              (26 damage)
             ... on level 5 of the Dungeon.
             The game lasted 00:06:14 (4701 turns).

Gargoyl the Skirmisher (Gnoll Abyssal Knight)       Turns: 4701, Time: 00:06:15

Health: -1/67      AC: 14    Str: 17    XL:     8   Next: 10%
Magic:  12/12      EV:  7    Int: 14    God:    Lugonu [***...]
Gold:   354        SH:  0    Dex: 15    Spells: 13/13 levels left

rFire    . . .     SeeInvis .   g - +1 short sword (drain)
rCold    . . .     Faith    .   (no shield)
rNeg     . . .     Spirit   .   n - +1 plate armour
rPois    .         Reflect  .   z - +0 helmet
rElec    .         Harm     .   (no cloak)
rCorr    .         Rampage  .   (no gloves)
MR       .....                  (no boots)
Stlth    ..........             (no amulet)
HPRegen  0.21/turn              (no ring)
MPRegen  0.13/turn              (no ring)

@: no status effects
A: distributed training, fangs 1, strong nose
a: Depart the Abyss, Bend Space, Banish, Renounce Religion


You were on level 5 of the Dungeon.
You worshipped Lugonu.
Lugonu was most pleased with you.
You visited 1 branch of the dungeon, and saw 5 of its levels.
You visited the Abyss 1 time.
You also visited: Ossuary.

You collected 354 gold pieces.

Inventory:

Hand Weapons
 a - a +3 hand axe
 g - a +1 short sword of draining (weapon)
Missiles
 p - 28 poisoned darts (quivered)
Armour
 n - a +1 plate armour (worn)
 x - a scarf of harm
 z - a +0 helmet (worn)
Scrolls
 b - a scroll of immolation {unknown}
 c - 2 scrolls of blinking
 k - 5 scrolls of identify
 m - a scroll of fog {unknown}
 r - a scroll of teleportation
 t - 4 scrolls of remove curse
 u - a scroll of fear
 y - a scroll of enchant weapon
Potions
 d - 4 potions of haste
 e - 4 potions of stabbing
 f - 3 potions of cancellation {unknown}
 h - a potion of mutation {unknown}
 i - 2 potions of might
 j - 2 potions of invisibility {unknown}
 l - 2 potions of brilliance {unknown}
 o - a potion of flight {unknown}
 q - 2 potions of lignification {unknown}
 s - 5 potions of degeneration {unknown}
 v - 2 potions of heal wounds {unknown}
 w - 5 potions of curing {unknown}


   Skills:
 + Level 7.2 Fighting
 + Level 3.0 Short Blades
 + Level 3.0 Long Blades
 + Level 5.5 Axes
 + Level 3.0 Maces & Flails
 + Level 3.0 Polearms
 + Level 3.0 Staves
 + Level 3.0 Slings
 + Level 3.0 Bows
 + Level 3.0 Crossbows
 + Level 3.0 Throwing
 + Level 5.5 Armour
 + Level 4.0 Dodging
 + Level 3.0 Stealth
 + Level 3.0 Shields
 + Level 3.0 Unarmed Combat
 + Level 3.0 Spellcasting
 + Level 2.4 Conjurations
 + Level 2.4 Hexes
 + Level 2.4 Summonings
 + Level 2.4 Necromancy
 + Level 2.4 Translocations
 + Level 2.4 Transmutations
 + Level 2.4 Fire Magic
 + Level 2.4 Ice Magic
 + Level 2.4 Air Magic
 + Level 2.4 Earth Magic
 + Level 2.4 Poison Magic
 + Level 5.7 Invocations
 + Level 3.0 Evocations


You had 13 spell levels left.
You didn't know any spells.
Your spell library was empty.

Dungeon Overview and Level Annotations

Branches:
Dungeon (5/15)            Ossuary (visited)
 Temple: D:4-7

Altars:
Fedhas
Gozag
Hepliaklqana
Wu Jian


Innate Abilities, Weirdness & Mutations

Your experience applies equally to all skills.
You have very sharp teeth.
Your uncanny sense of smell can sniff out nearby items.


Message History

You see here 2 poisoned darts.
Throwing (i - inventory)
p - 30 poisoned darts (quivered)
Press: ? - help, Shift-Dir - straight line, f/p - two-headed ogre
Aim: a two-headed ogre, wielding two +0 giant spiked clubs (heavily wounded, poisoned)
You throw a poisoned dart.
The poisoned dart hits the two-headed ogre.
The two-headed ogre looks even sicker.
The two-headed ogre is heavily wounded.
Throwing (i - inventory)
p - 29 poisoned darts (quivered)
Press: ? - help, Shift-Dir - straight line, f/p - two-headed ogre
Aim: a two-headed ogre, wielding two +0 giant spiked clubs (heavily wounded, very poisoned)
You throw a poisoned dart.
The poisoned dart hits the two-headed ogre.
The two-headed ogre looks even sicker.
The two-headed ogre is heavily wounded.
You hit the two-headed ogre but do no damage.
You drain the two-headed ogre. Your bite misses the two-headed ogre.
The two-headed ogre is severely wounded.
The two-headed ogre hits you with a +0 giant spiked club!!
You die...

..........##.# ∆
.....(...##.#
#######.....##.#####
....................
#..###########..######.##.##
..>..............## #.#
(.......[.#.##....# #.#
........# #.##..#.# #<#
..(.....#.#@##..#.#######.
...[....#.#O##..#.........
).......#.#.##..#.#######.
......))#.#(##......#
........#.#.###'#...#
..#####.#.#.#.O...(.#
#####.#.#(#.....#.# .#
+...(.O.(.#.....#.# .#
#...#######.....#.# .#


You could see a two-headed ogre (very poisoned, drained).

Vanquished Creatures
  A phantom (D:4)
  An elf zombie (D:4)
  3 elf skeletons (D:4)
  4 scorpions (D:4)
  A quasit (D:5)
  2 centaur zombies (Ossuary)
  A human zombie (Ossuary)
  An orc priest (D:5)
  2 orc wizards
  A hound zombie (D:5)
  5 mummies
  2 adders
  An ooze (D:1)
  A worm (D:3)
  7 orcs
  9 giant cockroaches
  3 goblins
  6 hobgoblins
  11 kobolds
  3 quokkas
  8 bats
  6 frilled lizards
  A goblin zombie (Ossuary)
  2 hobgoblin zombies
  3 kobold zombies
  2 orc skeletons (D:4)
  3 orc zombies
  8 rats
98 creatures vanquished.

Notes
Turn   | Place    | Note
-------+----------+-------------------------------------------
     0 | Abyss:1  | Gargoyl the Gnoll Abyssal Knight began the quest for the
                  | Orb.
     0 | Abyss:1  | Reached XP level 1. HP: 23/23 MP: 3/3
     5 | Abyss:1  | Noticed a worldbinder
    11 | Abyss:1  | Noticed a vampire mosquito
    11 | Abyss:1  | Noticed a vampire mosquito
    12 | D:1      | Escaped the Abyss
    80 | D:1      | Reached XP level 2. HP: 26/29 MP: 5/5
   188 | D:1      | Reached * piety under Lugonu
   511 | D:1      | Reached XP level 3. HP: 35/35 MP: 6/6
  1023 | D:2      | Found a hazy altar of Hepliaklqana.
  1253 | D:2      | Found a blossoming altar of Fedhas.
  1265 | D:2      | Reached skill level 1 in Short Blades
  1265 | D:2      | Reached skill level 1 in Long Blades
  1265 | D:2      | Reached skill level 1 in Maces & Flails
  1265 | D:2      | Reached skill level 1 in Polearms
  1265 | D:2      | Reached skill level 1 in Staves
  1265 | D:2      | Reached skill level 1 in Slings
  1265 | D:2      | Reached skill level 1 in Bows
  1265 | D:2      | Reached skill level 1 in Crossbows
  1265 | D:2      | Reached skill level 1 in Throwing
  1265 | D:2      | Reached skill level 1 in Stealth
  1265 | D:2      | Reached skill level 1 in Shields
  1265 | D:2      | Reached skill level 1 in Unarmed Combat
  1265 | D:2      | Reached skill level 1 in Spellcasting
  1265 | D:2      | Reached skill level 1 in Evocations
  1500 | D:3      | Reached XP level 4. HP: 41/41 MP: 7/7
  1507 | D:3      | Found an ornate altar of the Wu Jian Council.
  1566 | D:3      | Reached ** piety under Lugonu
  1970 | D:3      | Reached skill level 1 in Conjurations
  1970 | D:3      | Reached skill level 1 in Hexes
  1970 | D:3      | Reached skill level 1 in Summonings
  1970 | D:3      | Reached skill level 1 in Necromancy
  1970 | D:3      | Reached skill level 1 in Translocations
  1970 | D:3      | Reached skill level 1 in Transmutations
  1970 | D:3      | Reached skill level 1 in Fire Magic
  1970 | D:3      | Reached skill level 1 in Ice Magic
  1970 | D:3      | Reached skill level 1 in Air Magic
  1970 | D:3      | Reached skill level 1 in Earth Magic
  1970 | D:3      | Reached skill level 1 in Poison Magic
  2329 | D:4      | Reached XP level 5. HP: 47/47 MP: 8/8
  2417 | D:4      | Noticed a phantom
  2445 | D:4      | Found a sand-covered staircase.
  2464 | D:4      | Reached skill level 5 in Invocations
  2464 | D:4      | Reached XP level 6. HP: 26/53 MP: 9/9
  2468 | Ossuary  | Entered an ossuary
  2746 | Ossuary  | Reached skill level 5 in Axes
  2746 | Ossuary  | Reached skill level 5 in Armour
  3084 | D:4      | Killed a phantom
  3084 | D:4      | Reached skill level 7 in Fighting
  3084 | D:4      | Reached XP level 7. HP: 53/60 MP: 10/10
  3133 | D:4      | HP: 3/60 [poisoned by a scorpion]
  3139 | D:4      | HP: 2/60 [poisoned by a scorpion]
  3147 | D:4      | HP: 2/60 [poisoned by a scorpion]
  4361 | D:4      | Found an opulent altar of Gozag.
  4524 | D:5      | Entered Level 5 of the Dungeon
  4529 | D:5      | Reached XP level 8. HP: 67/67 MP: 12/12
  4618 | D:5      | Reached *** piety under Lugonu
  4638 | D:5      | Noticed a two-headed ogre
  4701 | D:5      | Slain by a two-headed ogre

Illustrated notes

Levels and vault maps discovered:
D:1:      lightli_arrival_maybe_door_vault, layout_basic
D:2:      layout_basic, lemuel_round_altar, fedhas_altar_3
D:3:      layout_rooms, nicolae_overflow_hidden_temple, marbit_many_paths
D:4:      layout_cave_pools, nicolae_overflow_crystal_walls,
          nicolae_ossuary_entry_catacombs, minmay_mini_ossuary
D:5:      layout_basic, uniq_menkaure, uniq_edmund, uniq_grinder

Skill      XL: |  1  2  3  4  5  6  7  8 |
---------------+-------------------------+-----
Short Blades   | 1 2 3 |  3.0
Long Blades    | 1 2 3 |  3.0
Maces & Flails | 1 2 3 |  3.0
Polearms       | 1 2 3 |  3.0
Staves         | 1 2 3 |  3.0
Slings         | 1 2 3 |  3.0
Bows           | 1 2 3 |  3.0
Crossbows      | 1 2 3 |  3.0
Throwing       | 1 2 3 |  3.0
Stealth        | 1 2 3 |  3.0
Shields        | 1 2 3 |  3.0
Unarmed Combat | 1 2 3 |  3.0
Spellcasting   | 1 2 3 |  3.0
Evocations     | 1 2 3 |  3.0
Conjurations   | 1 2 |  2.4
Hexes          | 1 2 |  2.4
Summonings     | 1 2 |  2.4
Necromancy     | 1 2 |  2.4
Translocations | 1 2 |  2.4
Transmutations | 1 2 |  2.4
Fire Magic     | 1 2 |  2.4
Ice Magic      | 1 2 |  2.4
Air Magic      | 1 2 |  2.4
Earth Magic    | 1 2 |  2.4
Poison Magic   | 1 2 |  2.4
Dodging        | 3 4 |  4.0
Invocations    | 5 |  5.7
Axes           | 5 |  5.5
Armour         | 5 |  5.5
Fighting       | 7 |  7.2

Action                   |  1- 3 |  4- 6 |  7- 9 || total
-------------------------+-------+-------+-------++-------
Melee: Hand axe          |    28 |    72 |    96 ||   196
       Bite              |     3 |    21 |    15 ||    39
       Short sword       |    64 |   143 |     1 ||   208
       Punch             |       |     3 |     4 ||     7
Throw: Dart              |       |       |     8 ||     8
Invok: Depart the Abyss  |     1 |       |       ||     1
       Bend Space        |       |       |     1 ||     1
  Use: Scroll            |     1 |    14 |       ||    15
 Stab: Sleeping          |     2 |       |       ||     2
Armor: Leather armour    |    14 |       |       ||    14
       Plate armour      |    55 |   167 |    67 ||   289
Dodge: Dodged            |    50 |    65 |    28 ||   143

Table legend: (Time is in decaauts)
 A = Elapsed time spent in this place.
 B = Non-inter-level travel time spent in this place.
 C = Inter-level travel time spent in this place.
 D = Time resting spent in this place.
 E = Time spent auto-exploring this place.
 F = Levels seen in this place.
 G = Mean time per level.
                   A        B        C        D        E       F      G
               +--------+--------+--------+--------+--------+-----+--------+
         Total |   4717 |   4616 |    101 |   1230 |   2231 |   7 |  673.9 |
       Dungeon |   4124 |   4023 |    101 |    954 |   2105 |   5 |  824.8 |
         Abyss |     12 |     12 |      0 |      0 |      5 |   1 |   12.0 |
       Ossuary |    581 |    581 |      0 |    276 |    121 |   1 |  581.0 |
               +--------+--------+--------+--------+--------+-----+--------+

Top non-repeatable levels by time:
     D:4: 1634 daAuts
     D:3: 893 daAuts
     D:2: 717 daAuts
     D:1: 701 daAuts
 Ossuary: 581 daAuts
     D:5: 176 daAuts
 Abyss:1: 12 daAuts
